 Dungeon Crawl Stone Soup version 0.29.0-4-gdea44cf6ec (webtiles) character file.

Game seed: 10218322807753839025

1022 qw the Chopper (level 8, 0/49 HPs)
             Began as a Gargoyle Fighter on Sept 4, 2022.
             Shot with an arrow by a centaur (6 damage)
             ... on level 5 of the Dungeon.
             The game lasted 00:02:10 (4764 turns).

qw the Chopper (Gargoyle Fighter)                   Turns: 4764, Time: 00:02:11

Health: 0/49       AC: 17    Str: 22    XL:     8   Next: 22%
Magic:  8/8        EV:  6    Int:  9    God:
Gold:   198        SH:  4    Dex:  9    Spells: 7/7 levels left

rFire   . . .      SeeInvis .   Y - +1 war axe
rCold   . . .      Faith    .   c - +0 buckler
rNeg    + . .      Spirit   .   f - +0 plate armour
rPois   inf        Reflect  .   (no helmet)
rElec   +          Harm     .   (no cloak)
rCorr   .          Rampage  .   (no gloves)
Will    .....                   (no boots)
Stlth   ..........              (no amulet)
HPRegen 0.16/turn               (no ring)
MPRegen 0.11/turn               (no ring)

@: no status effects
A: sickness immunity, AC +5, negative energy resistance 1, electricity
resistance, torment resistance 1, petrification resistance
a: no special abilities


You were on level 5 of the Dungeon.
You visited 1 branch of the dungeon, and saw 5 of its levels.

You collected 224 gold pieces.
You spent 26 gold pieces at shops.


Innate Abilities, Weirdness & Mutations

You are immune to sickness and miasma.
Your stone body is resilient. (AC +5)
You are immune to poison.
You resist negative energy. (rN+)
You are resistant to electric shocks. (rElec)
You are resistant to unholy torment.
You are immune to petrification.


   Skills:
 - Level 5.3 Fighting
 - Level 7.1 Axes
 + Level 1.9 Throwing
 - Level 4.0 Armour
 - Level 1.2 Dodging
 - Level 3.2 Shields


You had 7 spell levels left.
You didn't know any spells.
Your spell library was empty.

Inventory:

Hand Weapons
 m - a +0 morningstar
 Y - a +1 war axe (weapon)
Missiles
 h - 4 boomerangs
 j - 3 javelins (quivered)
Armour
 c - a +0 buckler (worn)
 f - a +0 plate armour (worn)
Jewellery
 e - a +4 ring of evasion
Scrolls
 g - 5 scrolls of identify
Potions
 a - a potion of curing
 b - a potion of cancellation
 d - 2 potions of might
 k - 3 potions of haste

Dungeon Overview and Level Annotations

Branches:
Dungeon (5/15)
 Temple: D:4-7

Altars:
Ashenzari
Fedhas
Trog

Shops:
D:1 ?


Message History

The javelin pierces through the necrophage!
You destroy the necrophage!
j - a javelin
j - 2 javelins (gained 1)
j - 3 javelins (gained 1)
Things that are here:
a +0 flail; a +0 leather armour
There is a stone staircase leading up here.
You see here an iguana skeleton.
You now have 198 gold pieces (gained 9).
Found 5 stones.
Enter note:
Enter note:
Enter note: You see here 5 stones.
You see here a +2 spear of venom.
A centaur comes into view.
The centaur shouts!
The centaur wields a +0 shortbow.
The centaur shoots an arrow.
The arrow hits you.
The centaur shoots an arrow.
The arrow hits you!
The centaur shoots an arrow.
The arrow hits you but does no damage.
The centaur shoots an arrow.
The arrow hits you.
The centaur shoots an arrow.
The arrow hits you but does no damage.
The centaur shoots an arrow.
The arrow hits you but does no damage.
The centaur shoots an arrow.
You block the arrow.
The centaur shoots an arrow.
The arrow hits you.
The centaur shoots an arrow.
The arrow hits you!
The centaur unwields a +0 shortbow.
The centaur hits the bush but does no damage.
The centaur kicks the bush but does no damage.
The centaur wields a +0 shortbow.
The centaur shoots an arrow.
The arrow barely misses you.
The centaur unwields a +0 shortbow.
The centaur hits the bush but does no damage.
The centaur kicks the bush but does no damage.
The centaur wields a +0 shortbow.
The centaur shoots an arrow.
The arrow hits you!
The centaur shoots an arrow.
The arrow hits you.
The centaur shoots an arrow.
The arrow hits you.
You die...
P.. .P.P.P.. #PPcPP.#

#.PPPP.# #..PP..#
#......## #..#....#
#.....<.##
#@.......#####
##............#####
#......#..........#
#......#...........
#.....###..........
#....## ##.........
##.### #.....####
### #....## ######


You could see a centaur.

Vanquished Creatures
  3 black bears
  A necrophage (D:5)
  2 scorpions (D:4)
  A hound (D:5)
  A jelly (D:4)
  4 orc priests
  2 iguanas
  Ijyb (D:4)
  Natasha (thrice) (D:4)
  2 orc wizards
  4 adders
  4 gnolls (D:4)
  A worm (D:3)
  A dart slug (D:2)
  21 orcs
  5 ball pythons
  6 bats
  9 endoplasms
  A giant cockroach (D:1)
  5 goblins
  7 hobgoblins
  8 quokkas
  2 frilled lizards
  7 kobolds
  4 rats
105 creatures vanquished.

Notes
Turn   | Place    | Note
-------+----------+-------------------------------------------
     0 | D:1      | qw the Gargoyle Fighter began the quest for the Orb.
     0 | D:1      | Reached XP level 1. HP: 14/14 MP: 1/1
     0 | D:1      | 0 ||| qw: Version: 0.1-a-103-gd6f5d3a
     0 | D:1      | 0 ||| qw: Game counter: 5394
     0 | D:1      | 0 ||| qw: Always use a shield: true
     0 | D:1      | 0 ||| qw: God list: Ru
     0 | D:1      | 0 ||| qw: Allow faded altars: false
     0 | D:1      | 0 ||| qw: Do Orc after D:15 true
     0 | D:1      | 0 ||| qw: Do second Lair branch before Depths: true
     0 | D:1      | 0 ||| qw: Lair rune preference: random
     0 | D:1      | 0 ||| qw: Plans: Normal
     0 | D:1      | 0 ||| PLANNING D:1-11
    58 | D:1      | Reached skill level 2 in Axes
   136 | D:1      | Reached XP level 2. HP: 18/19 MP: 2/2
   208 | D:1      | Found Vuceypn's Magic Scroll Shop.
   217 | D:1      | 217 ||| SHOPLISTING scroll of enchant weapon (97 gold, have
                  | 28).
   217 | D:1      | 217 ||| BUYING scroll of identify (26 gold).
   217 | D:1      | Bought a scroll of identify for 26 gold pieces
   217 | D:1      | 217 ||| SHOPLISTING scroll of identify (26 gold, have 2).
   293 | D:1      | 293 ||| Stepping ~*~*~tactically~*~*~ (stealth).
   294 | D:1      | 294 ||| Stepping ~*~*~tactically~*~*~ (stealth).
   296 | D:1      | 296 ||| Stepping ~*~*~tactically~*~*~ (stealth).
   444 | D:1      | Reached skill level 3 in Axes
   630 | D:1      | 630 ||| Stepping ~*~*~tactically~*~*~ (stealth).
   633 | D:1      | Reached XP level 3. HP: 21/23 MP: 3/3
   652 | D:1      | 652 ||| Stepping ~*~*~tactically~*~*~ (stealth).
   663 | D:1      | Found a faded altar of an unknown god.
   940 | D:1      | 940 ||| READING 3 scrolls labelled FUUCWIOTUA.
   941 | D:1      | 941 ||| READING scroll labelled URILAM CIUBECH.
   942 | D:1      | 942 ||| READING scroll labelled ZYSEROOHUPN.
   945 | D:1      | 945 ||| DRINKING 3 puce potions.
   946 | D:1      | 946 ||| DROPPING 2 scrolls of noise.
  1090 | D:2      | 1090 ||| Stepping ~*~*~tactically~*~*~ (stealth).
  1163 | D:2      | 1163 ||| Stepping ~*~*~tactically~*~*~ (stealth).
  1461 | D:2      | 1461 ||| UPGRADING to +0 plate armour.
  1471 | D:2      | 1471 ||| DROPPING +0 scale mail.
  1472 | D:2      | 1472 ||| READING scroll labelled UFROXK VIGACZI.
  1479 | D:1      | 1479 ||| READING scroll of teleportation.
  1611 | D:3      | 1611 ||| Stepping ~*~*~tactically~*~*~ (stealth).
  1654 | D:3      | Found a bloodstained altar of Trog.
  1672 | D:3      | 1672 ||| Stepping ~*~*~tactically~*~*~ (stealth).
  1674 | D:3      | 1674 ||| Stepping ~*~*~tactically~*~*~ (stealth).
  1685 | D:3      | Reached XP level 4. HP: 26/28 MP: 4/4
  1692 | D:3      | Reached skill level 4 in Axes
  1778 | D:3      | 1778 ||| DRINKING potion of curing.
  1778 | D:3      | 1778 ||| (to cure confusion)
  1848 | D:3      | 1848 ||| Stepping ~*~*~tactically~*~*~ (stealth).
  1898 | D:3      | 1898 ||| DROPPING +0 mace.
  1950 | D:3      | Reached XP level 5. HP: 32/32 MP: 5/5
  2292 | D:3      | 2292 ||| READING scroll labelled QETOUL ZUERR.
  2293 | D:3      | 2293 ||| DRINKING 2 bubbling silvery potions.
  2345 | D:4      | 2345 ||| Stepping ~*~*~tactically~*~*~ (stealth).
  2346 | D:4      | 2346 ||| Stepping ~*~*~tactically~*~*~ (stealth).
  2355 | D:4      | Noticed a black bear
  2361 | D:4      | Killed a black bear
  2362 | D:4      | Reached skill level 5 in Axes
  2375 | D:4      | Reached XP level 6. HP: 25/38 MP: 6/6
  2524 | D:4      | 2524 ||| Stepping ~*~*~tactically~*~*~ (hiding).
  2526 | D:4      | 2526 ||| Stepping ~*~*~tactically~*~*~ (hiding).
  2537 | D:4      | HP: 9/38 [gnoll/+0 spear (2)]
  2538 | D:4      | 2538 ||| READING scroll of teleportation.
  2539 | D:4      | 2539 ||| DRINKING potion of heal wounds.
  2548 | D:4      | Reached skill level 6 in Axes
  2752 | D:4      | Noticed Ijyb
  2753 | D:4      | 2753 ||| Stepping ~*~*~tactically~*~*~ (hiding).
  2756 | D:4      | 2756 ||| Stepping ~*~*~tactically~*~*~ (hiding).
  2756 | D:4      | Noticed Natasha
  2757 | D:4      | 2757 ||| Stepping ~*~*~tactically~*~*~ (hiding).
  2758 | D:4      | 2758 ||| Stepping ~*~*~tactically~*~*~ (hiding).
  2768 | D:4      | Killed Natasha
  2769 | D:4      | Reached skill level 1 in Throwing
  2769 | D:4      | Reached XP level 7. HP: 18/43 MP: 7/7
  2769 | D:4      | Killed Ijyb
  2799 | D:4      | Noticed Natasha
  2800 | D:4      | 2800 ||| Stepping ~*~*~tactically~*~*~ (stealth).
  3032 | D:4      | 3032 ||| Stepping ~*~*~tactically~*~*~ (hiding).
  3040 | D:4      | Killed Natasha
  3112 | D:4      | 3112 ||| READING 6 scrolls of identify.
  3112 | D:4      | 3112 ||| IDENTIFYING bubbling brown potion
  3113 | D:4      | 3113 ||| Stepping randomly (stuck).
  3114 | D:4      | 3114 ||| Stepping randomly (stuck).
  3115 | D:4      | 3115 ||| Stepping randomly (stuck).
  3116 | D:4      | 3116 ||| Stepping randomly (stuck).
  3117 | D:4      | 3117 ||| Stepping randomly (stuck).
  3121 | D:4      | 3121 ||| Stepping randomly (stuck).
  3122 | D:4      | 3122 ||| Stepping randomly (stuck).
  3128 | D:4      | 3128 ||| Stepping randomly (stuck).
  3129 | D:4      | 3129 ||| Stepping randomly (stuck).
  3130 | D:4      | 3130 ||| Stepping randomly (stuck).
  3231 | D:4      | 3231 ||| Stepping randomly (stuck).
  3233 | D:4      | 3233 ||| Stepping randomly (stuck).
  3235 | D:4      | 3235 ||| Stepping randomly (stuck).
  3236 | D:4      | 3236 ||| Stepping randomly (stuck).
  3237 | D:4      | 3237 ||| Stepping randomly (stuck).
  3238 | D:4      | 3238 ||| Stepping randomly (stuck).
  3239 | D:4      | 3239 ||| Stepping randomly (stuck).
  3240 | D:4      | 3240 ||| Stepping randomly (stuck).
  3258 | D:4      | Reached skill level 7 in Axes
  3484 | D:4      | Noticed Natasha
  3490 | D:4      | Killed Natasha
  3589 | D:4      | 3589 ||| READING scroll labelled QANIK LOAMUO.
  3590 | D:4      | 3590 ||| DRINKING 2 cyan potions.
  3591 | D:4      | 3591 ||| DROPPING potion of attraction.
  3597 | D:5      | Entered Level 5 of the Dungeon
  3597 | D:5      | Found a blossoming altar of Fedhas.
  3714 | D:5      | 3714 ||| DROPPING +0 flail.
  3729 | D:5      | Found a broken altar of Ashenzari.
  3999 | D:5      | Reached XP level 8. HP: 25/49 MP: 8/8
  4009 | D:5      | 4009 ||| FLEEEEING.
  4010 | D:5      | 4010 ||| FLEEEEING.
  4011 | D:5      | 4011 ||| FLEEEEING.
  4012 | D:5      | 4012 ||| FLEEEEING.
  4013 | D:5      | 4013 ||| FLEEEEING.
  4014 | D:5      | 4014 ||| FLEEEEING.
  4015 | D:5      | 4015 ||| FLEEEEING.
  4016 | D:5      | 4016 ||| FLEEEEING.
  4017 | D:5      | 4017 ||| FLEEEEING.
  4018 | D:5      | 4018 ||| FLEEEEING.
  4019 | D:5      | 4019 ||| FLEEEEING.
  4020 | D:5      | 4020 ||| FLEEEEING.
  4023 | D:5      | 4023 ||| FLEEEEING.
  4024 | D:5      | 4024 ||| FLEEEEING.
  4025 | D:5      | 4025 ||| FLEEEEING.
  4026 | D:5      | 4026 ||| FLEEEEING.
  4027 | D:5      | 4027 ||| FLEEEEING.
  4028 | D:5      | 4028 ||| FLEEEEING.
  4029 | D:5      | 4029 ||| FLEEEEING.
  4032 | D:5      | 4032 ||| FLEEEEING.
  4033 | D:5      | 4033 ||| FLEEEEING.
  4034 | D:5      | 4034 ||| FLEEEEING.
  4035 | D:5      | 4035 ||| FLEEEEING.
  4036 | D:5      | 4036 ||| FLEEEEING.
  4037 | D:5      | 4037 ||| FLEEEEING.
  4038 | D:5      | 4038 ||| FLEEEEING.
  4039 | D:5      | 4039 ||| FLEEEEING.
  4040 | D:5      | 4040 ||| FLEEEEING.
  4041 | D:5      | 4041 ||| FLEEEEING.
  4042 | D:5      | 4042 ||| FLEEEEING.
  4043 | D:5      | 4043 ||| FLEEEEING.
  4045 | D:5      | 4045 ||| FLEEEEING.
  4046 | D:5      | 4046 ||| FLEEEEING.
  4047 | D:5      | 4047 ||| FLEEEEING.
  4048 | D:5      | 4048 ||| FLEEEEING.
  4049 | D:5      | 4049 ||| FLEEEEING.
  4050 | D:5      | 4050 ||| FLEEEEING.
  4051 | D:5      | 4051 ||| FLEEEEING.
  4055 | D:5      | 4055 ||| FLEEEEING.
  4059 | D:5      | 4059 ||| FLEEEEING.
  4060 | D:5      | 4060 ||| FLEEEEING.
  4061 | D:5      | 4061 ||| FLEEEEING.
  4063 | D:5      | 4063 ||| FLEEEEING.
  4068 | D:5      | 4068 ||| FLEEEEING.
  4069 | D:5      | 4069 ||| FLEEEEING.
  4070 | D:5      | 4070 ||| FLEEEEING.
  4071 | D:5      | 4071 ||| FLEEEEING.
  4072 | D:5      | 4072 ||| FLEEEEING.
  4073 | D:5      | 4073 ||| FLEEEEING.
  4074 | D:5      | 4074 ||| FLEEEEING.
  4075 | D:5      | 4075 ||| FLEEEEING.
  4076 | D:5      | 4076 ||| FLEEEEING.
  4077 | D:5      | 4077 ||| FLEEEEING.
  4078 | D:5      | 4078 ||| FLEEEEING.
  4079 | D:5      | 4079 ||| FLEEEEING.
  4080 | D:5      | 4080 ||| FLEEEEING.
  4081 | D:5      | 4081 ||| FLEEEEING.
  4084 | D:5      | 4084 ||| FLEEEEING.
  4085 | D:5      | 4085 ||| FLEEEEING.
  4086 | D:5      | 4086 ||| FLEEEEING.
  4087 | D:5      | 4087 ||| FLEEEEING.
  4088 | D:5      | 4088 ||| FLEEEEING.
  4089 | D:5      | 4089 ||| FLEEEEING.
  4090 | D:5      | 4090 ||| FLEEEEING.
  4091 | D:5      | 4091 ||| FLEEEEING.
  4092 | D:5      | 4092 ||| FLEEEEING.
  4093 | D:5      | 4093 ||| FLEEEEING.
  4094 | D:5      | 4094 ||| FLEEEEING.
  4098 | D:5      | 4098 ||| FLEEEEING.
  4099 | D:5      | 4099 ||| FLEEEEING.
  4100 | D:5      | 4100 ||| FLEEEEING.
  4101 | D:5      | 4101 ||| STAIRDANCE
  4146 | D:4      | 4146 ||| READING scroll labelled JEPTIS VOSI.
  4247 | D:4      | 4247 ||| READING 6 scrolls of identify.
  4247 | D:4      | 4247 ||| IDENTIFYING viscous pink potion
  4248 | D:4      | 4248 ||| DROPPING potion of lignification.
  4420 | D:5      | Reached skill level 1 in Dodging
  4497 | D:5      | 4497 ||| Stepping ~*~*~tactically~*~*~ (hiding).
  4499 | D:5      | 4499 ||| Stepping ~*~*~tactically~*~*~ (hiding).
  4500 | D:5      | 4500 ||| Stepping ~*~*~tactically~*~*~ (hiding).
  4762 | D:5      | HP: 9/49 [centaur/arrow (8)]
  4764 | D:5      | Shot with an arrow by a centaur

Levels and vault maps discovered:
D:1:      tarquinn_simple_flora_water_b, layout_basic, basic_ecumenical_altar,
          serial_shops, shop_scrolls
D:2:      layout_rooms
D:3:      layout_loops_ring, bloody_trog, dk_noncrumbling_4
D:4:      layout_rooms, minmay_puff, uniq_natasha, uniq_ijyb
D:5:      layout_cave_pods, fedhas_bush_and_centaur_altar,
          mainiacjoe_overflow_24_doors, makhleb_altar_promises_db

Skill      XL: |  1  2  3  4  5  6  7  8 |
---------------+-------------------------+-----
Axes           | 2 3 4 5 6 7 |  7.1
Fighting       | 4 5 |  5.3
Throwing       | 1 |  1.9
Dodging        | 1 |  1.2
Armour         | 4 |  4.0
Shields        | |  3.2

Action                   |  1- 3 |  4- 6 |  7- 9 || total
-------------------------+-------+-------+-------++-------
Melee: War axe           |    80 |    98 |   102 ||   280
Throw: Boomerang         |       |     4 |     2 ||     6
       Javelin           |       |     6 |    16 ||    22
  Use: Scroll            |     5 |     2 |     4 ||    11
       Potion            |     1 |     3 |     1 ||     5
Armor: Scale mail        |    29 |       |       ||    29
       Plate armour      |    15 |   101 |    97 ||   213
Dodge: Dodged            |    35 |    29 |    26 ||    90
Block: Buckler           |    22 |    23 |    16 ||    61

Table legend:
 A = Non-vault XP
 B = Vault XP
 C = Vault XP percentage of total XP
 D = Non-vault monster count
 E = Vault monster count
 F = Vault count percentage of total count
                 A         B        C        D         E       F
            +---------+---------+-------+---------+---------+-------
      Total |    1174 |     287 |  19.6 |     100 |       5 |   4.8
            +---------+---------+-------+---------+---------+-------
        D:1 |      42 |       0 |   0.0 |      23 |       0 |   0.0
        D:2 |      30 |       0 |   0.0 |      10 |       0 |   0.0
        D:3 |     104 |       0 |   0.0 |      26 |       0 |   0.0
        D:4 |     536 |     287 |  34.9 |      24 |       5 |  17.2
        D:5 |     462 |       0 |   0.0 |      17 |       0 |   0.0
            +---------+---------+-------+---------+---------+-------
